 Dungeon Crawl Stone Soup version 0.29-a0-370-gb5314be063 (webtiles) character file.

Game seed: 6461750394754162836

60 Colgate the Sneak (level 4, 0/26 HPs)
             Began as a Kobold Brigand on May 2, 2022.
             Slain by an orc priest
             ... wielding a +0 mace
              (6 damage)
             ... on level 3 of the Dungeon.
             The game lasted 00:06:36 (2879 turns).

Colgate the Sneak (Kobold Brigand)                  Turns: 2879, Time: 00:06:37

Health: 0/26       AC:  2    Str:  8    XL:     4   Next: 25%
Magic:  0/4        EV: 14    Int: 12    God:
Gold:   97         SH:  0    Dex: 18    Spells: 3/3 levels left

rFire   . . .      SeeInvis .   b - +0 rapier
rCold   . . .      Faith    .   (no shield)
rNeg    . . .      Spirit   +   s - +0 robe
rPois   .          Reflect  .   (no helmet)
rElec   .          Harm     .   h - scarf {shadows}
rCorr   .          Rampage  .   (no gloves)
Will    .....                   (no boots)
Stlth   ++........              q - amulet of guardian spirit
HPRegen 0.08/turn               (no ring)
MPRegen 0.09/turn               (no ring)

@: confused
A: small, no large weapons, nightstalker 3
a: no special abilities


You were on level 3 of the Dungeon.
You visited 1 branch of the dungeon, and saw 3 of its levels.

You collected 97 gold pieces.

Inventory:

Hand Weapons
 a - a +2 dagger
 b - a +0 rapier (weapon)
Missiles
 d - 9 poisoned darts (quivered)
 e - 3 curare-tipped darts
 f - 3 boomerangs
Armour
 c - a +0 cloak
 h - a scarf of shadows (worn)
 s - a +0 robe (worn)
Jewellery
 k - an amulet of regeneration
 q - an amulet of guardian spirit (around neck)
Scrolls
 i - a scroll of noise {unknown}
 j - a scroll of fear
 l - 3 scrolls of teleportation {@r3}
 n - a scroll of brand weapon {unknown}
Potions
 g - a potion of degeneration {unknown}
 m - a potion of might {unknown}
 o - a potion of brilliance
 p - a potion of haste {@q4}
 r - a potion of curing {unknown}


   Skills:
 - Level 2.1 Fighting
 + Level 5.0 Short Blades
 - Level 2.1 Throwing
 - Level 1.2 Dodging
 - Level 6.0 Stealth


You had 3 spell levels left.
You didn't know any spells.
Your spell library contained the following spells:

 Spells                   Type           Power      Damage    Failure   Level
 Magic Dart               Conj           0%         1d3       32%         1
 Call Imp                 Summ           0%         N/A       45%         2
 Searing Ray              Conj           0%         2d4       45%         2
 Mephitic Cloud           Conj/Pois/Air  0%         N/A       69%         3
 Fulminant Prism          Conj/Hex       0%         3d6       97%         4


Dungeon Overview and Level Annotations

Branches:
Dungeon (3/15)

Altars:
Uskayaw


Innate Abilities, Weirdness & Mutations

You are small and have problems with some larger weapons.
You are completely attuned to the shadows.


Message History

A dart slug is nearby!
You see here a rat corpse.
A dart slug is nearby!
The helpless dart slug fails to defend itself.
You spit the dart slug like a pig!!!
You kill the dart slug!
Your Short Blades skill increases to level 5!
Found 12 stones.
No target in view!
Found a stone staircase leading down.
No target in view!
An orc wizard comes into view. It is wielding a +0 dagger.
There is a stone staircase leading down here.
An orc wizard is nearby!
An orc and an orc priest come into view.
The orc priest shouts!
The orc wizard shouts!
The orc shouts!
The orc wizard closely misses you.
There are monsters nearby!
b - a +0 rapier (weapon)
The orc priest calls down the wrath of Beogh upon you.
Beogh smites you!
The orc wizard gestures at you while chanting.
The puff of flame hits you.
You hit the orc priest.
The orc wizard hits you with a +0 dagger.
You completely miss the orc. The orc priest closely misses you.
The orc wizard barely misses you. The orc misses you.
You hit the orc priest.
The orc priest miscasts a cantrip.
The orc wizard gestures at you while chanting.
You are confused.
The orc closely misses you. The orc priest hits you with a +0 mace.
* * * LOW HITPOINT WARNING * * *
The orc wizard casts a spell at you.
You are more confused.
A hobgoblin comes into view.
The orc priest attacks as you move away!
The orc priest hits you with a +0 mace.
You die...

....##.........#
..... ...#...##
......## .....##
#...## #...#
#..># # #...##.#
...@o...
....oo..
........
#..g#..#


You could see an orc priest, an orc wizard, an orc and a hobgoblin.

Vanquished Creatures
  A worm (D:2)
  2 dart slugs
  2 ball pythons
  5 endoplasms
  A giant cockroach (D:2)
  3 goblins (D:2)
  2 hobgoblins
  7 jackals
  6 kobolds
  6 quokkas
  4 bats
  7 frilled lizards
  3 rats
49 creatures vanquished.

Vanquished Creatures (others)
  6 withered plants (D:2)
6 creatures vanquished.

Grand Total: 55 creatures vanquished

Notes
Turn   | Place    | Note
-------+----------+-------------------------------------------
     0 | D:1      | Colgate the Kobold Brigand began the quest for the Orb.
     0 | D:1      | Reached XP level 1. HP: 12/12 MP: 1/1
   497 | D:1      | Reached XP level 2. HP: 17/17 MP: 2/2
  1101 | D:1      | Reached XP level 3. HP: 21/21 MP: 3/3
  1257 | D:2      | Found a hide-covered altar of Uskayaw.
  1280 | D:2      | Reached skill level 6 in Stealth
  1373 | D:2      | Found a faded altar of an unknown god.
  1760 | D:2      | Reached XP level 4. HP: 26/26 MP: 4/4
  2095 | D:2      | Found a faded altar of an unknown god.
  2173 | D:2      | Found a hide-covered altar of Uskayaw.
  2796 | D:3      | Reached skill level 5 in Short Blades
  2879 | D:3      | Slain by an orc priest

Illustrated notes

Levels and vault maps discovered:
D:1:      dpeg_arrival_castle, layout_rooms, serial_co_window_serial,
          co_window_cross_1, co_window_corner_a, co_window_paths_b,
          co_window_of_opportunity_a, co_window_paths_b, co_window_corner_ca,
          co_window_cross_4, co_window_unsneaky_path_a, co_window_paths_d,
          glass_columns_b, glass_columns_b, glass_columns_c, glass_columns_a,
          minmay_ruptured
D:2:      layout_loops_ring, ebering_ecumenical_altar_petrified, basic_altar
D:3:      layout_loops_cross, gammafunk_ghost_nasty_kobolds, uniq_terence,
          uniq_grinder

Skill      XL: |  1  2  3  4 |
---------------+-------------+-----
Short Blades   | 3 4 5 |  5.0
Stealth        | 6 |  6.0
Fighting       | |  2.1
Throwing       | |  2.1
Dodging        | |  1.2

Action                   |  1- 3 |  4- 6 || total
-------------------------+-------+-------++-------
Melee: Dagger            |    89 |    15 ||   104
       Rapier            |       |    10 ||    10
  Use: Scroll            |       |     4 ||     4
 Stab: Sleeping          |    22 |     4 ||    26
       Distracted        |     2 |       ||     2
Armor: Robe              |     6 |     2 ||     8
Dodge: Dodged            |    44 |    11 ||    55

Table legend: (Time is in decaauts)
 A = Elapsed time spent in this place.
 B = Non-inter-level travel time spent in this place.
 C = Inter-level travel time spent in this place.
 D = Time resting spent in this place.
 E = Time spent auto-exploring this place.
 F = Levels seen in this place.
 G = Mean time per level.
                   A        B        C        D        E       F      G
               +--------+--------+--------+--------+--------+-----+--------+
         Total |   2856 |   2755 |    101 |    100 |   2329 |   3 |  952.0 |
       Dungeon |   2856 |   2755 |    101 |    100 |   2329 |   3 |  952.0 |
               +--------+--------+--------+--------+--------+-----+--------+

Top non-repeatable levels by time:
     D:2: 1514 daAuts
     D:1: 1180 daAuts
     D:3: 161 daAuts
